 Dungeon Crawl Stone Soup version 0.27-a0-1137-g3ef0f4ec91 (webtiles) character file.

Game seed: 16199056346400419238

27 1player the Charlatan (level 2, 23/25 HPs)
             Began as a Draconian Artificer on May 6, 2021.
             Quit the game on level 2 of the Dungeon.
             The game lasted 00:02:24 (1681 turns).

1player the Charlatan (Draconian Artificer)         Turns: 1681, Time: 00:02:24

Health: 23/25      AC:  4    Str: 14    XL:     2   Next: 93%
Magic:  2/2        EV: 12    Int: 11    God:
Gold:   81         SH:  0    Dex: 11    Spells: 1/1 levels left

rFire    . . .     SeeInvis .   k - +0 short sword
rCold    . . .     Faith    .   (no shield)
rNeg     . . .     Spirit   .   (armour unavailable)
rPois    .         Reflect  .   (helmet restricted)
rElec    .         Harm     .   (no cloak)
rCorr    .         Rampage  .   (no gloves)
Will     .....                  (no boots)
Stlth    +.........             (no amulet)
HPRegen  0.08/turn              (no ring)
MPRegen  0.08/turn              (no ring)

@: no status effects
A: AC +4, unfitting armour, cold-blooded
a: no special abilities


You were on level 2 of the Dungeon.
You visited 1 branch of the dungeon, and saw 2 of its levels.

You collected 81 gold pieces.

Inventory:

Hand Weapons
 a - a +0 club
 h - a +0 dagger
 k - a +0 short sword (weapon)
Jewellery
 j - an amulet of guardian spirit
Wands
 b - a wand of flame (13) (quivered)
 c - a wand of charming (15)
Scrolls
 e - a scroll of vulnerability
 g - a scroll of silence {unknown}
 i - a scroll of fear {unknown}
 l - a scroll of identify {unknown}
Potions
 f - a potion of curing {unknown}
Miscellaneous
 d - a piece from Xom's chessboard (15/15)


   Skills:
 + Level 2.3 Fighting
 + Level 2.8 Dodging
 - Level 0.8 Stealth
 - Level 3.0 Evocations


You had one spell level left.
You didn't know any spells.
Your spell library was empty.

Dungeon Overview and Level Annotations

Branches:
Dungeon (2/15)

Altars:

Shops:
D:1 *


Innate Abilities, Weirdness & Mutations

Your plain brown scales are hard. (AC +4)
You cannot fit into any form of body armour.
You are cold-blooded and may be slowed by cold attacks.


Message History

The giant cockroach is almost dead.
The giant cockroach bites you but does no damage.
You barely miss the giant cockroach.
The giant cockroach is almost dead.
The giant cockroach closely misses you.
The giant cockroach bites you but does no damage.
You closely miss the giant cockroach.
The giant cockroach is almost dead.
The giant cockroach bites you but does no damage.
You barely miss the giant cockroach.
You tail-slap the giant cockroach, but do no damage.
The giant cockroach is almost dead.
The giant cockroach barely misses you.
You hit the giant cockroach.
You kill the giant cockroach!
You see here a giant cockroach corpse.
A bat comes into view.
Found a scroll labelled AREGAERUON.
A bat is nearby!
You miss the bat.
You tail-slap the bat, but do no damage.
The bat misses you. The bat hits you but does no damage.
You hit the bat but do no damage. The bat barely misses you.
The bat barely misses you. The bat barely misses you.
The bat closely misses you.
You barely miss the bat.
Your tail-slap misses the bat.
The bat hits you but does no damage. The bat hits you.
The bat barely misses you.
You completely miss the bat. The bat closely misses you.
The bat hits you but does no damage. The bat barely misses you. x2
You closely miss the bat. The bat hits you. The bat misses you.
You closely miss the bat. The bat misses you. The bat hits you.
You see here a scroll labelled AREGAERUON.
The bat hits you but does no damage. The bat hits you but does no damage.
The bat closely misses you.
Are you sure you want to abandon this character and quit the game? (Confirm with "yes".)

#.# #.# #.#
#.# ### #.#
#.. #.# #b#
#.# #.#
#.########.#
#......?..@#
#.########.#
### ###


You could see a bat.

Vanquished Creatures
  A dart slug (D:1)
  3 ball pythons (D:1)
  5 endoplasms (D:1)
  2 giant cockroaches
  A goblin (D:1)
  2 hobgoblins (D:1)
  2 quokkas (D:1)
  2 bats (D:1)
  3 rats (D:1)
21 creatures vanquished.

Notes
Turn   | Place    | Note
-------+----------+-------------------------------------------
     0 | D:1      | 1player the Draconian Artificer began the quest for the
                  | Orb.
     0 | D:1      | Reached XP level 1. HP: 16/16 MP: 1/1
   195 | D:1      | Found Quoricrer's General Store.
   630 | D:1      | Reached XP level 2. HP: 18/24 MP: 2/2
  1681 | D:2      | Quit the game

Illustrated notes

Levels and vault maps discovered:
D:1:      ebering_trefoil_twist, layout_loops_ring, serial_shops, shop,
          chequers_serial_rivers_room_a, minivault_4, amcnicky_mini_pool_small,
          chequers_jeans, grunt_decor_resistance
D:2:      layout_basic, hellmonk_ecumenical_altar_inner_sanctum, minivault_14

Skill      XL: |  1  2 |
---------------+-------+-----
Fighting       | 2 |  2.3
Dodging        | |  2.8
Stealth        | |  0.8
Evocations     | |  3.0

Action                   || total
-------------------------++-------
Melee: Dagger            ||    15
       Club              ||     6
       Short sword       ||    51
       Tailslap          ||     9
Evoke: Wand              ||     2
  Use: Scroll            ||     1
Armor: Skin              ||    30
Dodge: Dodged            ||    55

Table legend: (Time is in decaauts)
 A = Elapsed time spent in this place.
 B = Non-inter-level travel time spent in this place.
 C = Inter-level travel time spent in this place.
 D = Time resting spent in this place.
 E = Time spent auto-exploring this place.
 F = Levels seen in this place.
 G = Mean time per level.
                   A        B        C        D        E       F      G
               +--------+--------+--------+--------+--------+-----+--------+
         Total |   1697 |   1669 |     28 |    411 |    875 |   2 |  848.5 |
       Dungeon |   1697 |   1669 |     28 |    411 |    875 |   2 |  848.5 |
               +--------+--------+--------+--------+--------+-----+--------+

Top non-repeatable levels by time:
     D:1: 1586 daAuts
     D:2: 111 daAuts
